 Dungeon Crawl Stone Soup version 0.28.0-43-g3370ac3207 (webtiles) character file.

Game seed: 4079220269573712689

1058 sking99 the Gouger (level 8, -8/39 HPs)
             Began as a Felid Cinder Acolyte on Mar 23, 2022.
             Was a Priest of Ignis.
             Mangled by a slime creature (14 damage)
             ... on level 7 of the Dungeon.
             The game lasted 00:16:44 (11006 turns).

sking99 the Gouger (Felid Cinder Acolyte)          Turns: 11006, Time: 00:16:44

Health: -8/39      AC:  9    Str: 10    XL:     8   Next: 6%
Magic:  6/10       EV: 22    Int: 16    God:    Ignis [***...]
Gold:   60         SH:  0    Dex: 19    Spells: 7/9 levels left
                                        Lives:  0   Deaths: 2

rFire   + + .      SeeInvis +     - Unarmed
rCold   . . .      Faith    .   (shield unavailable)
rNeg    . . .      Spirit   .   (armour unavailable)
rPois   .          Reflect  .   (helmet unavailable)
rElec   .          Harm     .   (cloak unavailable)
rCorr   .          Rampage  .   (gloves unavailable)
Will    +....                   (boots unavailable)
Stlth   ++++......              (no amulet)
HPRegen 0.13/turn               s - +6 ring of dexterity
MPRegen 0.12/turn               n - ring of protection from fire

@: fiery-armoured, quick
A: very small, claws 1, fangs 3, see invisible, speed 1, shaggy fur 2, stealthy
paws, no weapons or thrown items, no armour, multi-lived
a: Renounce Religion, Fiery Armour, Foxfire Swarm, Rising Flame


You were on level 7 of the Dungeon.
You worshipped Ignis.
Ignis was most pleased with you.
You visited 2 branches of the dungeon, and saw 8 of its levels.

You collected 180 gold pieces.
You spent 120 gold pieces at shops.

Inventory:

Jewellery
 g - a ring of resist corrosion
 l - a ring of wizardry
 n - a ring of protection from fire (right paw)
 s - a +6 ring of dexterity (left paw)
Wands
 i - a wand of charming (9)
 p - a wand of polymorph (7)
 r - a wand of iceblast (7)
Scrolls
 b - a scroll of vulnerability
 d - a scroll of holy word {unknown}
 e - a scroll of magic mapping
 o - 2 scrolls of noise {unknown}
 q - 3 scrolls of teleportation
 u - a scroll of amnesia {unknown}
 x - a scroll of fear
Potions
 a - 3 potions of haste
 c - a potion of magic {unknown}
 f - 2 potions of brilliance {unknown}
 h - 2 potions of ambrosia
 j - 2 potions of attraction {unknown}
 k - a potion of berserk rage {unknown}
 m - 3 potions of lignification {unknown}
 t - 2 potions of mutation {unknown}
 v - a potion of cancellation {unknown}
 w - a potion of curing


   Skills:
 + Level 6.4 Fighting
 + Level 7.1 Dodging
 - Level 6.6 Stealth
 * Level 8.7 Unarmed Combat
 - Level 1.0 Spellcasting
 - Level 2.6 Fire Magic
 + Level 3.0 Evocations


You had 7 spell levels left.
You knew the following spells:

 Your Spells              Type           Power      Damage    Failure   Level
a - Scorch                Fire           18%        2d6       12%         2

Your spell library contained the following spells:

 Spells                   Type           Power      Damage    Failure   Level
 Dazzling Flash           Conj/Hex       0%         N/A       56%         3
 Agony                    Necr           0%         N/A       99%         5
 Silence                  Hex/Air        0%         N/A       99%         5


Dungeon Overview and Level Annotations

Branches:
Dungeon (7/15)             Temple (1/1) D:4

Altars:
Ashenzari
Cheibriados
Dithmenos
Elyvilon
Fedhas
Gozag
Hepliaklqana
Kikubaaqudgha
Makhleb
Nemelex Xobeh
Okawaru
Qazlal
Ru
Sif Muna
Trog
Uskayaw
Wu Jian
Xom
Yredelemnul
Zin
The Shining One

Shops:
D:6 *   D:7 *?*!


Innate Abilities, Weirdness & Mutations

You have sharp claws.
You have razor-sharp teeth.
You have supernaturally acute eyesight. (SInv)
You cover ground quickly. (Speed+)
You are covered in thick fur. (AC +2)
Your paws help you pounce on unaware monsters.
You are incapable of wielding weapons or throwing items.
You cannot wear armour.
You gain extra lives every three experience levels.


Message History

The jelly misses you.
You claw the slime creature!
The slime creature is moderately wounded.
The slime creature hits you but does no damage.
The slime creature is burned by your cloak of flames.
The slime creature is moderately wounded.
The jelly completely misses you.
You claw the slime creature!
The slime creature is heavily wounded.
The slime creature hits you.
The slime creature is burned by your cloak of flames.
The slime creature is heavily wounded.
The jelly completely misses you.
You barely miss the slime creature.
The slime creature is heavily wounded.
The slime creature hits you!
* * * LOW HITPOINT WARNING * * *
The slime creature is burned by your cloak of flames.
The slime creature is heavily wounded.
You scratch the slime creature.
You bite the slime creature, but do no damage.
The slime creature is heavily wounded.
The jelly completely misses you.
The slime creature completely misses you.
Casting: Scorch (safe; 12% risk of failure)
Confirm with . or Enter, or press ? or * to list all spells.
Flames lash the slime creature.
The slime creature is heavily wounded.
The slime creature's fire resistance burns away.
The jelly misses you.
The slime creature hits you but does no damage.
The slime creature is burned terribly!
The slime creature is burned by your cloak of flames.
The slime creature is severely wounded.
Casting: Scorch (safe; 12% risk of failure)
Confirm with . or Enter, or press ? or * to list all spells.
Flames lash the slime creature.
The slime creature is burned terribly!
The slime creature is almost dead.
The jelly misses you. The slime creature hits you!
You die...

.#####..........'...#.#.#.#...#
......#.........##...⌠.∩.⌠....#
................##..#.#.#.#...#
................##...∩.⌠.∩..#####
....................#.#.#.#.....#
.......####'#........⌠.∩.⌠......#
##+#'#.# #.#.......#.#.#.#.....#
##...#.# #.#..JJ...............#
.....#.# ##+#.#>@.....##........#
####.#.###....#.#####.##........#
#.#........'....##.##........#
#.####.....##.#.##J##........#
#....#.#'####.....5###########
####)#.#.# ###...J##########
#...#.# ####J....J....# #####.#
#J......5... ..# ...............


You could see a slime creature (combustible) and a jelly.

Vanquished Creatures
  2 slime creatures (D:6)
  Grinder (D:3)
  3 sky beasts
  A black bear (D:4)
  2 ogres
  A necrophage (D:5)
  3 centaurs
  A phantom (D:6)
  A bullfrog (D:6)
  2 scorpions (D:5)
  A water moccasin skeleton (D:6)
  A howler monkey (D:5)
  2 vampire bats
  An orc priest (D:7)
  2 hounds
  2 jellies
  4 iguanas
  2 bullfrog skeletons
  2 orc wizards
  3 killer bee zombies
  2 hound skeletons
  13 gnolls
  7 adders
  2 shadow imps
  A white imp (D:5)
  An ufetubus (D:4)
  A worm (D:2)
  4 dart slugs
  6 orcs
  9 ball pythons
  11 bats
  6 endoplasms
  4 giant cockroaches
  7 goblins
  3 jackals
  8 kobolds
  4 quokkas
  2 frilled lizards
  5 rats
133 creatures vanquished.

Vanquished Creatures (others)
  23 foxfires (D:3)
  A plant (D:6)
24 creatures vanquished.

Grand Total: 157 creatures vanquished

Notes
Turn   | Place    | Note
-------+----------+-------------------------------------------
     0 | D:1      | sking99 the Felid Cinder Acolyte began the quest for the
                  | Orb.
     0 | D:1      | Reached XP level 1. HP: 10/10 MP: 3/3
    49 | D:1      | Found a faded altar of an unknown god.
   337 | D:1      | Reached skill level 1 in Stealth
   373 | D:1      | Reached XP level 2. HP: 14/14 MP: 4/4
   592 | D:1      | Learned a level 2 spell: Scorch
  1823 | D:2      | Reached XP level 3. HP: 16/17 MP: 5/5
  2478 | D:2      | Reached skill level 1 in Dodging
  2628 | D:3      | Found an ornate altar of the Wu Jian Council.
  2899 | D:3      | Reached skill level 4 in Unarmed Combat
  3121 | D:3      | Reached XP level 4. HP: 21/21 MP: 6/6
  3231 | D:3      | Noticed Grinder
  3499 | D:3      | Killed Grinder
  3500 | D:3      | Reached XP level 5. HP: 23/25 MP: 7/7
  3621 | D:4      | Found a staircase to the Ecumenical Temple.
  3660 | Temple   | Entered the Ecumenical Temple
  3822 | D:4      | Reached skill level 5 in Unarmed Combat
  3822 | D:4      | Gained mutation: You are covered in thick fur. (AC +2)
                  | [Felid growth]
  3822 | D:4      | Reached XP level 6. HP: 20/28 MP: 1/8
  3966 | D:4      | You fall into a shaft and drop 1 floor!
  3966 | D:5      | Entered Level 5 of the Dungeon
  4767 | D:4      | Reached XP level 7. HP: 33/33 MP: 9/9
  5994 | D:4      | Reached skill level 6 in Unarmed Combat
  6352 | D:4      | Found a staircase to the Ecumenical Temple.
  6975 | D:4      | Reached skill level 5 in Stealth
  7418 | D:5      | Reached skill level 5 in Fighting
  7436 | D:5      | Reached XP level 8. HP: 12/37 MP: 10/10
  7673 | D:5      | Reached skill level 5 in Dodging
  8073 | D:5      | Reached skill level 7 in Unarmed Combat
  8760 | D:6      | Found a blossoming altar of Fedhas.
  8785 | D:6      | Slain by a killer bee zombie
  8786 | D:6      | Reached XP level 7. HP: -3/33 MP: 9/9
  9308 | D:6      | Reached skill level 1 in Evocations
  9450 | D:6      | Found Bavimuliu's Assorted Antiques.
  9460 | D:6      | Found an iron altar of Okawaru.
  9466 | D:6      | Reached XP level 8. HP: 20/38 MP: 10/10
  9491 | D:6      | Reached skill level 8 in Unarmed Combat
  9891 | D:6      | Found a burning altar of Makhleb.
 10199 | D:7      | Found a shadowy altar of Dithmenos.
 10432 | D:7      | Found Ickaiv's Magic Scroll Shop.
 10432 | D:7      | Found Rugginul's Distillery.
 10434 | D:7      | Found Myigubbo's General Store.
 10434 | D:7      | Found Esywux's General Store.
 10486 | D:7      | Bought a potion of curing for 42 gold pieces
 10489 | D:7      | Bought a scroll of teleportation for 33 gold pieces
 10492 | D:7      | Bought a scroll of fear for 45 gold pieces
 10591 | D:7      | Noticed a slime creature
 10591 | D:7      | Noticed a slime creature
 10591 | D:7      | Noticed a slime creature
 10838 | D:6      | Killed a slime creature
 10981 | D:6      | Mangled by a slime creature
 10982 | D:6      | Reached XP level 7. HP: -6/34 MP: 9/9
 10992 | D:6      | Killed a slime creature
 10993 | D:6      | Reached XP level 8. HP: 39/39 MP: 10/10
 11006 | D:7      | Mangled by a slime creature

Illustrated notes

Levels and vault maps discovered:
D:1:      dpeg_arrival_fog, layout_loops_cross,
          hellmonk_ecumenical_altar_leap_of_faith
D:2:      layout_basic
D:3:      minmay_inner_zag, layout_basic, nicolae_wu_jian_wuxing_cycle,
          uniq_grinder
D:4:      minmay_door_path, layout_gridville, temple_doors_e
D:5:      layout_basic, minmay_pentangle
D:6:      layout_cave_pools, mainiacjoe_overflow_small_starburst,
          fedhas_altar_1, okawaru_ov_weapons_minmay, serial_shops,
          shop_fountains, roderic_batcave, patterned_corridor
D:7:      layout_basic, mainiacjoe_overflow_brackets, minmay_misc_feat_pillars,
          minmay_stone_trees_small, grunt_ministairs_9, minmay_shop_grid_forest,
          guppyfry_early_elven_hall, uniq_harold
Temple:   nicolae_temple_elliptical

Skill      XL: |  1  2  3  4  5  6  7  8 |
---------------+-------------------------+-----
Stealth        | 1 2 3 4 5 6 |  6.6
Dodging        | 1 2 3 7 5 |  7.1
Unarmed Combat | 4 5 6 8 |  8.7
Fighting       | 4 5 6 |  6.4
Evocations     | 3 2 |  3.0
Spellcasting   | |  1.0
Fire Magic     | |  2.6

Action                   |  1- 3 |  4- 6 |  7- 9 || total
-------------------------+-------+-------+-------++-------
Melee: Unarmed           |   122 |    47 |   300 ||   469
       Bite              |     8 |     4 |    47 ||    59
       Punch             |     4 |     2 |    14 ||    20
 Cast: Scorch            |       |     5 |     4 ||     9
Invok: Foxfire Swarm     |       |     1 |       ||     1
       Fiery Armour      |       |     2 |     3 ||     5
  Use: Scroll            |       |       |     7 ||     7
 Stab: Sleeping          |     2 |    10 |     8 ||    20
Armor: Skin              |    14 |     6 |    36 ||    56
Dodge: Dodged            |    90 |    32 |   266 ||   388
